 Dungeon Crawl Stone Soup version 0.27-a0-1416-g941b2bd30b (webtiles) character file.

Game seed: 11545725945199427373

39 bilbop the Caller (level 3, 0/20 HPs)
             Began as a Deep Elf Summoner on July 1, 2021.
             Killed by nerve-wracking pain
             ... invoked by an orc priest
              (9 damage)
             ... on level 2 of the Dungeon.
             The game lasted 00:12:17 (2208 turns).

bilbop the Caller (Deep Elf Summoner)               Turns: 2208, Time: 00:12:18

Health: 0/20       AC:  7    Str:  5    XL:     3   Next: 28%
Magic:  7/9        EV: 13    Int: 20    God:
Gold:   59         SH:  0    Dex: 15    Spells: 5/8 levels left

rFire    . . .     SeeInvis .   a - +0 dagger
rCold    . . .     Faith    .   (no shield)
rNeg     . . .     Spirit   .   e - +0 robe
rPois    .         Reflect  .   j - +2 helmet
rElec    .         Harm     .   (no cloak)
rCorr    .         Rampage  .   (no gloves)
Will     .....                  i - +1 pair of boots
Stlth    ++........             (no amulet)
HPRegen  0.06/turn              (no ring)
MPRegen  0.11/turn              (no ring)

@: no status effects
A: no striking features
a: no special abilities


You were on level 2 of the Dungeon.
You visited 1 branch of the dungeon, and saw 3 of its levels.

You collected 59 gold pieces.

Inventory:

Hand Weapons
 a - a +0 dagger (weapon)
Armour
 e - a +0 robe (worn)
 i - a +1 pair of boots (worn)
 j - a +2 helmet (worn)
Scrolls
 c - a scroll of blinking {unknown}
 f - a scroll of teleportation {unknown}
 m - a scroll of fear {unknown}
 n - a scroll of magic mapping {unknown}
Potions
 b - 2 potions of flight {unknown}
 d - a potion of cancellation {unknown}
 g - 2 potions of might {unknown}
 h - 2 potions of lignification {unknown}
 k - 2 potions of attraction {unknown}
 l - a potion of mutation {unknown}


   Skills:
 + Level 0.8 Fighting
 + Level 1.1 Short Blades
 + Level 2.8 Dodging
 + Level 3.0 Stealth
 + Level 3.2 Spellcasting
 + Level 4.6 Summonings


You had 5 spell levels left.
You knew the following spells:

 Your Spells              Type           Power      Damage    Failure   Level
a - Summon Small Mammal   Summ           84%        N/A       1%          1
b - Call Imp              Summ           21%        N/A       3%          2

Your spell library contained the following spells:

 Spells                   Type           Power      Damage    Failure   Level
 Call Canine Familiar     Summ           21%        N/A       6%          3
 Summon Guardian Golem    Hex/Summ       12%        N/A       16%         3
 Summon Ice Beast         Ice/Summ       12%        N/A       47%         4
 Summon Lightning Spire   Summ/Air       12%        N/A       47%         4


Dungeon Overview and Level Annotations

Branches:
Dungeon (3/15)

Altars:


Message History

The orc is heavily wounded.
Your quokka misses the adder. The adder closely misses your quokka.
The orc closely misses you.
The orc hits your quokka with a +0 war axe.
The orc barely misses your crimson imp.
You hit the orc.
The orc is almost dead.
The adder misses your quokka.
Your quokka bites the orc.
The orc dies!
Your quokka closely misses the adder.
You closely miss the orc priest.
The orc priest is moderately wounded.
The adder bites your quokka.
Your quokka dies!
Your quokka's corpse disappears in a puff of smoke!
Your quokka bites the orc priest but does no damage.
The orc priest misses you.
You hit the orc priest but do no damage.
The orc priest is moderately wounded.
Your quokka closely misses the orc priest.
The orc priest mumbles some strange prayers to Beogh against you.
Pain shoots through your body!
Ouch! That really hurt!
The adder bites your quokka.
Your quokka dies!
Your quokka's corpse disappears in a puff of smoke!
The adder barely misses your crimson imp.
You climb upwards.
There is a stone staircase leading down here.
You hit the orc priest but do no damage.
The orc priest is moderately wounded.
The orc priest completely misses you.
You hit the orc priest but do no damage.
The orc priest is moderately wounded.
The orc priest closely misses you.
You closely miss the orc priest.
The orc priest is moderately wounded.
The orc priest invokes the aid of Beogh against you.
Pain shoots through your body!
You die...

.....#...###
#.##...##
.....###...###...####
.....# ###..####.#
.....# ##..###.#
.....# ##...†.#
.....# ####### .....#
.....################
............(...@...#
.................o..#
###########.........#
###########


You could see an orc priest.

Vanquished Creatures
  2 endoplasms (D:2)
  A giant cockroach (D:1)
  A jackal (D:1)
  3 quokkas (D:2)
  A ball python (D:2)
  A rat (D:1)
9 creatures vanquished.

Vanquished Creatures (collateral kills)
  An orc (D:3)
  4 ball pythons
  4 bats
  4 endoplasms
  3 giant cockroaches (D:1)
  9 hobgoblins
  5 jackals
  A quokka (D:2)
  2 frilled lizards (D:1)
  3 goblins (D:1)
  4 kobolds
  4 rats
44 creatures vanquished.

Grand Total: 53 creatures vanquished

Notes
Turn   | Place    | Note
-------+----------+-------------------------------------------
     0 | D:1      | bilbop the Deep Elf Summoner began the quest for the Orb.
     0 | D:1      | Reached XP level 1. HP: 10/10 MP: 6/6
   643 | D:1      | Found a faded altar of an unknown god.
   656 | D:1      | Reached XP level 2. HP: 16/16 MP: 2/8
  1292 | D:2      | Reached skill level 1 in Short Blades
  1464 | D:2      | Reached XP level 3. HP: 11/20 MP: 1/9
  1615 | D:2      | Learned a level 2 spell: Call Imp
  2208 | D:2      | Killed from afar by an orc priest

Illustrated notes

Levels and vault maps discovered:
D:1:      nicolae_arrival_washed_ashore, layout_rooms, basic_ecumenical_altar,
          serial_curves, eino_curves_03, eino_curves_01, minmay_circled_x
D:2:      layout_rooms
D:3:      layout_basic, serial_shops, shop, minmay_misc_feat_plants,
          amcnicky_altar_lugonu_corruption

Skill      XL: |  1  2  3 |
---------------+----------+-----
Short Blades   | 1 |  1.1
Stealth        | 3 |  3.0
Fighting       | |  0.8
Dodging        | |  2.8
Spellcasting   | |  3.2
Summonings     | |  4.6

Action                   || total
-------------------------++-------
Melee: Unarmed           ||     6
       Dagger            ||    58
 Cast: Summon Small Mamm ||    96
       Call Imp          ||     3
Armor: Robe              ||    30
Dodge: Dodged            ||    53

Table legend: (Time is in decaauts)
 A = Elapsed time spent in this place.
 B = Non-inter-level travel time spent in this place.
 C = Inter-level travel time spent in this place.
 D = Time resting spent in this place.
 E = Time spent auto-exploring this place.
 F = Levels seen in this place.
 G = Mean time per level.
                   A        B        C        D        E       F      G
               +--------+--------+--------+--------+--------+-----+--------+
         Total |   2205 |   2100 |    105 |      0 |   1663 |   3 |  735.0 |
       Dungeon |   2205 |   2100 |    105 |      0 |   1663 |   3 |  735.0 |
               +--------+--------+--------+--------+--------+-----+--------+

Top non-repeatable levels by time:
     D:1: 1250 daAuts
     D:2: 919 daAuts
     D:3: 35 daAuts
